 Dungeon Crawl Stone Soup version 0.25-a0-194-gece12570e2 (webtiles) character file.

Game seed: 17354928980292120758, levelgen mode: deterministic

13986 MrRokkomies the Fighter (level 12, -13/112 HPs)
             Began as a Ghoul Monk on Dec 1, 2019.
             Was the Champion of Okawaru.
             Mangled by Snorg (24 damage)
             ... on level 11 of the Dungeon.
             The game lasted 00:43:19 (10952 turns).

MrRokkomies the Fighter (Ghoul Monk)               Turns: 10952, Time: 00:43:20

Health: -13/112    AC: 18    Str: 20    XL:     12   Next: 11%
Magic:  17/17      EV: 16    Int:  5    God:    Okawaru [******]
Gold:   90         SH:  0    Dex: 11    Spells: 11/11 levels left

rFire    + . .     SeeInvis .   N - +2 short sword (elec)
rCold    + . .     Gourm    .   r - +0 buckler {reflect}
rNeg     + + +     Faith    .   f - +1 ring mail {rF+}
rPois    ∞         Spirit   .   w - +1 helmet
rElec    .         Reflect  +   y - +2 cloak {rPois}
rCorr    .         Harm     .   i - +1 pair of gloves
MR       .....                  (no boots)
Stlth    ..........             I - amulet of the acrobat
HPRegen  0.00/turn              z - +3 ring of evasion
MPRegen  0.15/turn              j - +5 ring of protection

@: confused, rotting
A: rotting body, claws 1, carnivore, cold resistance 1, negative energy
resistance 3, inhibited regeneration, torment resistance, unbreathing
a: Heroism, Finesse, Renounce Religion


You were on level 11 of the Dungeon.
You worshipped Okawaru.
Okawaru was exalted by your worship.
You were not hungry.

You visited 1 branch of the dungeon, and saw 11 of its levels.
You also visited: Ossuary.

You collected 760 gold pieces.
You spent 670 gold pieces at shops.

Inventory:

Hand Weapons
 a - a +2 long sword of slicing
 b - a +2 arbalest of velocity
 N - a +2 short sword of electrocution (weapon)
Missiles
 e - 99 poisoned darts (quivered)
 l - 53 bolts
Armour
 f - a +1 ring mail of fire resistance (worn)
 i - a +1 pair of gloves (worn)
 r - a +0 buckler of reflection (worn)
 w - a +1 helmet (worn)
 y - a +2 cloak of poison resistance (worn)
Jewellery
 j - a +5 ring of protection (right hand)
 z - a +3 ring of evasion (left hand)
 D - an uncursed ring of flight
 I - an amulet of the acrobat (around neck)
Wands
 m - a wand of digging (3)
 x - a wand of flame (12)
 A - a wand of polymorph (9)
 H - a wand of disintegration (8)
 L - a wand of iceblast (1)
Scrolls
 d - 3 scrolls of amnesia
 g - 4 scrolls of remove curse
 n - a scroll of enchant armour
 B - 2 scrolls of identify
 C - 3 scrolls of enchant weapon
 J - a scroll of magic mapping
Potions
 h - 2 potions of flight
 o - a potion of magic
 p - 3 potions of brilliance
 s - 2 potions of cancellation
 u - 4 potions of curing
 v - a potion of ambrosia
 K - a potion of agility
Miscellaneous
 G - a phial of floods (inert)
Comestibles
 c - 23 rations
 k - 9 chunks of flesh


   Skills:
 - Level 12.0 Fighting
 * Level 10.8 Long Blades
 * Level 5.1 Crossbows
 + Level 6.5 Dodging
 - Level 2.1 Stealth
 - Level 8.0 Invocations


You had 11 spell levels left.
You didn't know any spells.
Your spell library contained the following spells:

 Spells                   Type           Power        Failure   Level  Hunger
 Animate Skeleton         Necr           N/A          83%         1    ##.....
 Apportation              Tloc           #.....       83%         1    ##.....
 Confusing Touch          Hex            #.....       83%         1    ##.....
 Sandblast                Erth           #.....       83%         1    ##.....
 Shock                    Conj/Air       #...         83%         1    ##.....
 Summon Small Mammal      Summ           #...         83%         1    ##.....
 Passwall                 Tmut/Erth      #.......     93%         2    ###....
 Sticks to Snakes         Tmut           #.......     93%         2    ###....
 Swiftness                Chrm/Air       #.......     93%         2    ###....
 Confuse                  Hex            #.......     99%         3    ####...
 Gell's Gravitas          Tloc           #.........   99%         3    ####...
 Static Discharge         Conj/Air       #.......     99%         3    ####...
 Stone Arrow              Conj/Erth      #.....       99%         3    ####...
 Airstrike                Air            #.........   100%        4    #####..
 Petrify                  Tmut/Erth      #.......     100%        4    #####..
 Iskenderun's Battlesphe  Conj/Chrm      #.......     100%        5    ######.
 Lee's Rapid Deconstruct  Erth           #.........   100%        5    ######.
 Lightning Bolt           Conj/Air       #.........   100%        5    ######.
 Metabolic Englaciation   Hex/Ice        #.........   100%        5    ######.
 Yara's Violent Unravell  Hex/Tmut       #.........   100%        5    ######.
 Beastly Appendage        Tmut           Unusable     N/A         1    N/A
 Spider Form              Tmut/Pois      Unusable     N/A         3    N/A
 Ice Form                 Ice/Tmut       Unusable     N/A         4    N/A
 Blade Hands              Tmut           Unusable     N/A         5    N/A
 Statue Form              Tmut/Erth      Unusable     N/A         6    N/A

Dungeon Overview and Level Annotations

Branches:
Dungeon (11/15)            Temple (0/1) D:5            Lair (0/6) D:11
    Orc (0/2) D:10        Ossuary (visited)

Altars:
Ashenzari
Cheibriados
Elyvilon
Fedhas
Gozag
Kikubaaqudgha
Makhleb
Nemelex Xobeh
Okawaru
Ru
Trog
Vehumet
Xom
Yredelemnul

Shops:
D:5 [   D:10 ?

Annotations:
D:7 2 transporters, Menkaure
D:10 3 runed translucent doors
D:11 Snorg


Innate Abilities, Weirdness & Mutations

Your body is rotting away.
You thrive on raw meat.
You are immune to poison.
You have sharp fingernails.
You are carnivorous and can eat meat at any time.
Your flesh is cold resistant. (rC+)
You are immune to negative energy. (rN+++)
You do not regenerate when monsters are visible.
You are immune to unholy pain and torment.
You can survive without breathing.


Message History

You feel invigorated.
Snorg closely misses you. x2; Snorg misses you.
You hit Snorg but do no damage.
Snorg is severely wounded.
Snorg bites you!
* * * LOW HITPOINT WARNING * * *
Snorg claws you but does no damage. Snorg completely misses you.
Snorg bites you but does no damage. Snorg closely misses you. x2
A hound comes into view.
The hound barks!
An iguana comes into view.
The hound moves out of view.
Snorg misses you. x2; Snorg completely misses you.
Snorg completely misses you. x2; Snorg claws you but does no damage.
Snorg bites you!
* * * LOW HITPOINT WARNING * * *
Snorg barely misses you. Snorg completely misses you.
You hit Snorg but do no damage. Lightning courses through Snorg!
Snorg is severely wounded.
Snorg bites you!!
You die...

...........)......##
..........)........#
...................# #
............÷[.....# .#
####.##+####)####.## ..#
####.##.####.####.##...#
#......................#
#.......>.....h........#
#.....>........T@......#
#......................#
#......................#
#..............l.......#
##'####(.###...#########
#. #..# #...# . ...T.
...... <..............
........^.........


You could see Snorg (berserk), an iguana and a hound.

Vanquished Creatures
  3 two-headed ogres
  An ugly thing (D:10)
  An orc knight (D:10)
  2 cyclopes (D:10)
  A manticore (D:6)
  A gargoyle (D:9)
  3 hippogriffs
  Sigmund (D:6)
  A vampire (D:10)
  6 yaks (D:9)
  A wyvern (D:11)
  A hungry ghost (D:9)
  2 basilisks
  2 acid dragons
  3 porcupines
  A water moccasin (D:4)
  2 sky beasts
  A phantom (D:8)
  A hornet zombie (D:11)
  2 orc warriors
  An ice beast (D:10)
  4 black bears
  An eye of draining (D:9)
  2 wolves
  4 ogres
  3 centaurs
  3 crocodiles
  An elf zombie (Ossuary)
  4 big kobolds
  5 bullfrogs
  3 gnoll sergeants
  2 wyvern zombies
  A hornet simulacrum (D:10)
  4 scorpions
  8 killer bees
  A howler monkey (D:4)
  4 centaur zombies
  A crimson imp (D:10)
  7 hounds
  2 quasits
  A human zombie (Ossuary)
  2 gnoll shamans (D:7)
  8 orc wizards
  10 orc priests
  4 centaur skeletons
  3 iguanas
  6 jellies
  4 bullfrog skeletons
  14 worker ants
  A big kobold zombie (Ossuary)
  A centaur simulacrum (D:10)
  A hound skeleton (D:11)
  3 mummies
  14 adders
  18 gnolls
  4 shadow imps
  An adder skeleton (D:5)
  4 worms
  3 dart slugs
  7 leopard geckos
  33 orcs
  7 bats
  3 giant cockroaches
  6 goblins
  9 hobgoblins
  11 jackals
  21 kobolds
  5 quokkas
  A ball python (D:4)
  A ball python zombie (D:5)
  2 frilled lizards (D:3)
  A giant cockroach zombie (D:5)
  2 goblin zombies (Ossuary)
  8 hobgoblin zombies (Ossuary)
  2 jackal zombies (Ossuary)
  6 kobold zombies (Ossuary)
  A leopard gecko skeleton (D:7)
  14 orc zombies (Ossuary)
  4 rats
  A rat zombie (Ossuary)
344 creatures vanquished.

Vanquished Creatures (collateral kills)
  A troll (D:11)
  A hippogriff (D:11)
  A vampire (D:11)
  An eye of draining (D:11)
  An orc wizard (D:11)
5 creatures vanquished.

Vanquished Creatures (others)
  A big kobold (D:10)
  An adder (D:10)
  2 kobolds (D:10)
4 creatures vanquished.

Grand Total: 353 creatures vanquished

Notes
Turn   | Place    | Note
-------+----------+-------------------------------------------
     0 | D:1      | MrRokkomies the Ghoul Monk began the quest for the Orb.
     0 | D:1      | Reached XP level 1. HP: 19/19 MP: 0/0
   218 | D:1      | Reached XP level 2. HP: 24/25 MP: 1/1
   909 | D:2      | Found an iron altar of Okawaru.
   918 | D:2      | Reached XP level 3. HP: 28/33 MP: 2/2
   925 | D:2      | Became a worshipper of Warmaster Okawaru
   925 | D:2      | Reached * piety under Okawaru
   925 | D:2      | Reached ** piety under Okawaru
  1681 | D:3      | Reached skill level 4 in Fighting
  1683 | D:3      | Reached XP level 4. HP: 36/40 MP: 3/3
  1697 | D:3      | Found a bloodstained altar of Trog.
  2039 | D:3      | Reached skill level 1 in Invocations
  2475 | D:4      | Found a shimmering altar of Xom.
  2475 | D:4      | Found a white marble altar of Elyvilon.
  2475 | D:4      | Found a radiant altar of Vehumet.
  2475 | D:4      | Found a sparkling altar of Nemelex Xobeh.
  2484 | D:4      | Reached XP level 5. HP: 47/47 MP: 4/4
  2759 | D:4      | Found a burning altar of Makhleb.
  2764 | D:4      | Reached skill level 5 in Fighting
  2764 | D:4      | Reached XP level 6. HP: 45/56 MP: 6/6
  2779 | D:4      | You fall into a shaft and drop 3 floors!
  2821 | D:7      | Found a basalt altar of Yredelemnul.
  2903 | D:6      | Found a sand-covered staircase.
  2912 | Ossuary  | Entered an ossuary
  3477 | Ossuary  | Reached *** piety under Okawaru
  3511 | Ossuary  | Reached XP level 7. HP: 53/59 MP: 7/7
  3700 | D:5      | Entered Level 5 of the Dungeon
  3923 | D:4      | Found a shattered altar of Ashenzari.
  4041 | D:5      | Reached skill level 5 in Long Blades
  4058 | D:5      | Found a staircase to the Ecumenical Temple.
  4100 | D:5      | Reached skill level 6 in Fighting
  4290 | D:5      | Found Qonlui's Antique Armour Shop.
  4299 | D:5      | Bought a glowing cloak for 150 gold pieces
  4469 | D:5      | Reached XP level 8. HP: 28/71 MP: 9/9
  4502 | D:4      | Reached **** piety under Okawaru
  4882 | D:5      | Reached skill level 7 in Fighting
  5020 | D:6      | Found a burning altar of Makhleb.
  5022 | D:6      | Noticed Sigmund
  5062 | D:6      | Killed Sigmund
  5134 | D:6      | Noticed a manticore
  5432 | D:6      | Reached XP level 9. HP: 75/80 MP: 11/11
  5453 | D:6      | Killed a manticore
  5453 | D:6      | Reached skill level 8 in Fighting
  5453 | D:6      | Reached skill level 5 in Dodging
  5634 | D:6      | Found a blossoming altar of Fedhas.
  5640 | D:6      | Found a sacrificial altar of Ru.
  5955 | D:7      | Reached skill level 5 in Invocations
  5985 | D:7      | Found a burning altar of Makhleb.
  6058 | D:7      | Found a transporter.
  6192 | D:7      | Found a transporter.
  6195 | D:7      | Found an ancient bone altar of Kikubaaqudgha.
  6198 | D:7      | Noticed Menkaure
  6288 | D:7      | Reached skill level 9 in Fighting
  6847 | D:7      | Reached ***** piety under Okawaru
  6889 | D:7      | Reached XP level 10. HP: 49/91 MP: 13/13
  7439 | D:8      | Found an opulent altar of Gozag.
  7845 | D:9      | Reached skill level 1 in Crossbows
  7875 | D:9      | Noticed a two-headed ogre
  7887 | D:9      | Killed a two-headed ogre
  7887 | D:9      | Reached skill level 10 in Fighting
  8058 | D:9      | Found a snail-covered altar of Cheibriados.
  8075 | D:9      | Noticed a gargoyle
  8135 | D:9      | Killed a gargoyle
  8135 | D:9      | Received a gift from Okawaru
  8146 | D:9      | Got a polished fustibalus {god gift}
  8179 | D:9      | Identified the +2 fustibalus "Xenoi" {speed, +Blink rF+
                  | Int+2} (Okawaru gifted it to you on level 9 of the Dungeon)
  8516 | D:10     | Entered Level 10 of the Dungeon
  8557 | D:10     | Noticed a two-headed ogre
  8566 | D:10     | Reached XP level 11. HP: 94/101 MP: 15/15
  8570 | D:10     | Killed a two-headed ogre
  8570 | D:10     | Reached skill level 11 in Fighting
  9054 | D:10     | Found a shimmering altar of Xom.
  9132 | D:10     | Noticed a cyclops
  9133 | D:10     | Found a staircase to the Orcish Mines.
  9133 | D:10     | Found Faiwimaa's Magic Scroll Boutique.
  9154 | D:10     | Killed a cyclops
  9183 | D:10     | Bought a scroll of acquirement for 520 gold pieces
  9329 | D:10     | Noticed a two-headed ogre
  9342 | D:10     | Killed a two-headed ogre
  9342 | D:10     | Reached ****** piety under Okawaru
  9342 | D:10     | Received a gift from Okawaru
  9801 | D:10     | Noticed a brown ugly thing
  9806 | D:10     | Noticed a cyclops
  9818 | D:10     | Killed a brown ugly thing
  9818 | D:10     | Reached skill level 10 in Long Blades
  9825 | D:10     | Noticed an orc knight
  9830 | D:10     | Killed a cyclops
  9845 | D:10     | Killed an orc knight
 10072 | D:10     | Identified the Papyrus of Helpful Stones
 10088 | D:10     | Found a runed translucent door.
 10089 | D:10     | Noticed a flayed ghost
 10089 | D:10     | Noticed an orc knight
 10089 | D:10     | Noticed a tengu warrior
 10090 | D:10     | Found a runed translucent door.
 10090 | D:10     | Found a runed translucent door.
 10090 | D:10     | Noticed a fire dragon
 10195 | D:11     | Noticed Snorg
 10397 | D:11     | Reached skill level 12 in Fighting
 10564 | D:11     | Found a staircase to the Lair.
 10628 | D:11     | Reached XP level 12. HP: 85/111 MP: 17/17
 10853 | D:11     | Reached skill level 5 in Crossbows
 10952 | D:11     | Mangled by Snorg

Levels and vault maps discovered:
D:1:      tarquinn_simple_flora_water_f, layout_basic
D:2:      layout_basic, okawaru_gym_becter
D:3:      layout_basic, bloody_trog
D:4:      layout_cave_pools, grunt_temple_overflow_open,
          evilmike_ruin_ashenzari, lemuel_crystal_altar
D:5:      layout_loops_ring, temple_pool_b, serial_shops, shop, first_ration
D:6:      minmay_chambers_of_sixes, layout_basic, minitemple,
          gup_ossuary_entry_pyramid, lemuel_statue_altar, uniq_sigmund
D:7:      kennysheep_housing_project, layout_layer_cave,
          gammafunk_temple_of_torment, grunt_ogre_cave, makhleb_heckhound_becter
D:8:      layout_loops_ring, lemuel_doored_altar
D:9:      layout_rooms, cheibriados_altar_1
D:10:     minmay_the_grid_triangle_9x9_recursive_2
          [minmay_the_grid_triangle_9x9_prize_schism,
          minmay_the_grid_triangle_9x9_fully_insulated_deathbox,
          minmay_the_grid_triangle_9x9_odd_lines,
          minmay_the_grid_triangle_9x9_thin_v], layout_long_grid, serial_shops,
          shop, xom_confusion_cloud
D:11:     layout_gridville, minmay_lair_entry_grove, uniq_snorg

Skill      XL: |  1  2  3  4  5  6  7  8  9 10 11 12 |
---------------+-------------------------------------+-----
Long Blades    | 3 4 5 6 7 9 10 | 10.8
Dodging        | 3 4 5 6 |  6.5
Fighting       | 4 5 6 7 9 10 12 | 12.0
Invocations    | 1 2 3 4 5 7 8 |  8.0
Crossbows      | 2 4 5 |  5.1
Stealth        | |  2.1

Action                   |  1- 3 |  4- 6 |  7- 9 | 10-12 || total
-------------------------+-------+-------+-------+-------++-------
Melee: Falchion          |    16 |       |       |       ||    16
       Short sword       |    81 |   219 |   417 |   484 ||  1201
       Long sword        |       |       |       |   217 ||   217
Throw: Dart              |       |       |       |     7 ||     7
       Throwing net      |       |       |       |     3 ||     3
Invok: Heroism           |       |       |     1 |     2 ||     3
       Finesse           |       |       |       |     1 ||     1
Evoke: Wand              |       |       |     2 |     1 ||     3
       Phial of floods   |       |       |       |     1 ||     1
  Use: Scroll            |       |     9 |     7 |    11 ||    27
       Potion            |       |       |     3 |    10 ||    13
 Stab: Sleeping          |     5 |     2 |       |     1 ||     8
  Eat: Chunk             |     4 |     6 |    32 |    76 ||   118
Armor: Robe              |    24 |       |       |       ||    24
       Scale mail        |       |    83 |   107 |       ||   190
       Ring mail         |       |     1 |    89 |   373 ||   463
Dodge: Dodged            |    75 |   114 |   276 |   702 ||  1167
Block: Buckler           |       |       |       |    97 ||    97
       Rpst.: Falchion   |     4 |       |       |       ||     4
       Long sword        |       |       |       |    70 ||    70

Table legend:
 A = Non-vault XP
 B = Vault XP
 C = Vault XP percentage of total XP
 D = Non-vault monster count
 E = Vault monster count
 F = Vault count percentage of total count
                 A         B        C        D         E       F
            +---------+---------+-------+---------+---------+-------
      Total |   12548 |    7433 |  37.2 |     239 |     110 |  31.5
            +---------+---------+-------+---------+---------+-------
        D:1 |      30 |       0 |   0.0 |      14 |       0 |   0.0
        D:2 |      29 |       0 |   0.0 |      14 |       0 |   0.0
        D:3 |      93 |       0 |   0.0 |      19 |       0 |   0.0
        D:4 |     386 |       0 |   0.0 |      14 |       0 |   0.0
        D:5 |     729 |       0 |   0.0 |      28 |       0 |   0.0
        D:6 |     370 |    1076 |  74.4 |      19 |       9 |  32.1
        D:7 |     903 |     973 |  51.9 |      18 |      29 |  61.7
        D:8 |     828 |       0 |   0.0 |      24 |       0 |   0.0
        D:9 |    3514 |     235 |   6.3 |      30 |       2 |   6.2
       D:10 |    3090 |    4074 |  56.9 |      28 |      24 |  46.2
       D:11 |    2576 |     788 |  23.4 |      31 |       7 |  18.4
    Ossuary |       0 |     287 | 100.0 |       0 |      39 | 100.0
            +---------+---------+-------+---------+---------+-------
